 Dungeon Crawl Stone Soup version 0.31-a0-237-g2d982f9f85 (webtiles) character file.

Game seed: 669011955264206475

51 qw the Shooter (level 3, -2/21 HPs)
             Began as a Gargoyle Hexslinger on July 11, 2023.
             Slain by a gnoll
             ... wielding a +0 club
              (5 damage)
             ... on level 2 of the Dungeon.
             The game lasted 00:00:28 (1058 turns).

qw the Shooter (Gargoyle Hexslinger)                Turns: 1058, Time: 00:00:29

Health: -2/21      AC:  8    Str: 11    XL:     3   Next: 81%
Magic:  4/4        EV: 10    Int: 13    God:
Gold:   57         SH:  0    Dex: 14    Spells: 3/4 levels left

rFire   . . .        Y - +1 sling
rCold   . . .        (no shield)
rNeg    + . .        e - +0 ring mail
rPois   inf          (no helmet)
rElec   +            (no cloak)
rCorr   .            (no gloves)
SInv    .            (no boots)
Will    .....        (no amulet)
Stlth   +            (no ring)
HPRegen 0.23/turn    (no ring)
MPRegen 0.09/turn

%: no passive effects
@: no status effects
A: sickness immunity, AC +3, negative energy resistance 1, electricity
resistance, torment resistance 1, petrification resistance
a: no special abilities


You were on level 2 of the Dungeon.
You visited 1 branch of the dungeon, and saw 2 of its levels.

You collected 57 gold pieces.


Innate Abilities, Weirdness & Mutations

You are immune to sickness and miasma.
Your stone body is resilient. (AC +3)
You are immune to poison.
You resist negative energy. (rN+)
You are resistant to electric shocks. (rElec)
You are resistant to unholy torment.
You are immune to petrification.


   Skills:
 - Level 2.0 Fighting
 + Level 3.7 Ranged Weapons
 - Level 1.5 Dodging
 - Level 1.0 Spellcasting
 - Level 2.6 Hexes


You had 3 spell levels left.
You knew the following spells:

 Your Spells              Type           Power      Damage    Failure   Level
a - Slow                  Hex            28%        N/A       22%         1

Your spell library contained the following spells:

 Spells                   Type           Power      Damage    Failure   Level
 Inner Flame              Hex/Fire       4%         N/A       75%         3
 Portal Projectile        Hex/Tloc       8%         N/A       75%         3
 Cause Fear               Hex            3%         N/A       92%         4

Inventory:

Hand Weapons
 Y - a +1 sling (weapon)
Armour
 e - a +0 ring mail (worn)
Scrolls
 b - a scroll of identify
Potions
 a - a potion of enlightenment {unknown}
 c - a potion of curing
 d - a potion of brilliance {unknown}
 f - a potion of attraction {unknown}

Dungeon Overview and Level Annotations

Branches:
Dungeon (2/15)

Altars:

Shops:
D:1 [


Message History

The gnoll hits you but does no damage.
You shoot a sling bullet.
The sling bullet barely misses the gnoll.
The sling bullet hits the gnoll.
The gnoll is moderately wounded.
The gnoll barely misses you.
You shoot a sling bullet.
The sling bullet hits the gnoll but does no damage.
The gnoll closely misses you. x2
You shoot a sling bullet.
The sling bullet closely misses the gnoll.
The sling bullet hits the gnoll.
The gnoll is severely wounded.
The gnoll closely misses you.
You shoot a sling bullet.
The sling bullet completely misses the gnoll.
The sling bullet barely misses the gnoll.
The gnoll hits you but does no damage.
You shoot a sling bullet.
The sling bullet hits the gnoll but does no damage.
The gnoll hits you but does no damage. The gnoll hits you with a +0 club.
You shoot a sling bullet.
The sling bullet barely misses the gnoll.
The sling bullet hits the gnoll.
The gnoll is severely wounded.
The gnoll hits you but does no damage.
You shoot a sling bullet. The sling bullet hits the gnoll.
The gnoll is heavily wounded.
The gnoll hits you with a +0 club.
You shoot a sling bullet.
The sling bullet closely misses the gnoll.
The sling bullet hits the gnoll.
The gnoll is almost dead.
The gnoll closely misses you. The gnoll hits you with a +0 club.
You shoot a sling bullet.
The sling bullet barely misses the gnoll.
The sling bullet hits the gnoll.
You kill the gnoll!
The gnoll hits you with a +0 club.
You die...

*,,,,,**,* ***,,,,.#####...#
*,,,,,*#,* *#.}.##[.......
*,,,,,*#.* *##...,.###......
*,,,,,**.####....g,...#######
*,,,,,**,.#.....,,,.....#.?..
*,,,,,,,,,..}..,###...}....##
*****,,,,,,*,**.g.###.###...#...#
*,,,,,,,,,,*,**#g##...#.##.##:#.#
*,***,,,,,,*,*,#@#....#.#...#...#
*,,,,,,,,,,*,#,#......#.#.#.#...#
*,,*,**,,,*#,#.#......#.#.#.#...#
*,,**,*,**##.#.#..)...#.#.#.#..<.
**,*,**,,,............#.......###
*,**,*,,,............###...#.#
*,,,,,,,,............# #####.###
**,**,,,,.......#....# ####....
*,,,,,,,.......#....# #.......


You could see 2 gnolls.

Vanquished Creatures
  2 gnolls (D:2)
  An adder (D:2)
  2 dart slugs
  3 bats
  An endoplasm (D:1)
  9 goblins
  A hobgoblin (D:1)
  A quokka (D:2)
  3 frilled lizards (D:1)
  5 kobolds
  A rat (D:2)
29 creatures vanquished.

Notes
Turn   | Place    | Note
-------+----------+-------------------------------------------
     0 | D:1      | qw the Gargoyle Hexslinger began the quest for the Orb.
     0 | D:1      | Reached XP level 1. HP: 12/12 MP: 2/2
     0 | D:1      | 0 ||| qw: Version: 0.3-a-52-g30416fa
     0 | D:1      | 0 ||| qw: Game counter: 5878
     0 | D:1      | 0 ||| qw: Melee chars always use a shield: true
     0 | D:1      | 0 ||| qw: God list: Okawaru
     0 | D:1      | 0 ||| qw: Allow faded altars: false
     0 | D:1      | 0 ||| qw: Do Orc after clearing Dungeon:15 true
     0 | D:1      | 0 ||| qw: Do second Lair branch before Depths: true
     0 | D:1      | 0 ||| qw: Lair rune preference: random
     0 | D:1      | 0 ||| qw: Goals: Normal
     0 | D:1      | 0 ||| PLANNING D:1-11
    16 | D:1      | You fall into a shaft and drop 1 floor!
   216 | D:2      | 216 ||| UPGRADING to +0 ring mail.
   226 | D:2      | 226 ||| DROPPING +0 robe.
   227 | D:2      | 227 ||| READING scroll labelled QALLUWOUGE.
   228 | D:2      | 228 ||| READING scroll labelled ICEEM LEFFIULL.
   229 | D:2      | 229 ||| READING scroll labelled ROUXZUICET.
   230 | D:2      | 230 ||| DROPPING scroll of poison.
   245 | D:2      | Reached XP level 2. HP: 12/16 MP: 3/3
   275 | D:1      | Reached skill level 3 in Ranged Weapons
   321 | D:1      | Found Wuheacah's Armour Emporium.
   329 | D:1      | 329 ||| SHOPLISTING +0 cloak (54 gold, have 24).
   329 | D:1      | 329 ||| SHOPLISTING +1 robe of Maoklih {+Inv rC++} (446
                  | gold, have 24).
   359 | D:1      | Reached XP level 3. HP: 21/21 MP: 4/4
   748 | D:1      | 748 ||| READING scroll labelled OMMEN FUFAH.
   849 | D:1      | 849 ||| READING scroll labelled KYFFIA YGGALEBU.
   850 | D:1      | 850 ||| READING 2 scrolls of identify.
   850 | D:1      | 850 ||| IDENTIFYING pink potion
  1057 | D:2      | HP: 3/21 [gnoll/+0 club (5)]
  1058 | D:2      | Slain by a gnoll

Levels and vault maps discovered:
D:1:      minmay_arrival_split_and_join, layout_rooms, serial_shops,
          nicolae_shop_crystal
D:2:      layout_basic, grunt_ministairs_13, nrook_loot_triangle,
          minmay_misc_feat_tiny

Skill      XL: |  1  2  3 |
---------------+----------+-----
Ranged Weapons | 3 |  3.7
Fighting       | 2 |  2.0
Dodging        | |  1.5
Spellcasting   | |  1.0
Hexes          | |  2.6

Action                     || total
---------------------------++-------
   Fire: Sling             ||   115
    Use: Scroll            ||     6
 Armour: Ring mail         ||    40
  Dodge: Dodged            ||    48

Table legend:
 A = Non-vault XP
 B = Vault XP
 C = Vault XP percentage of total XP
 D = Non-vault monster count
 E = Vault monster count
 F = Vault count percentage of total count
                 A         B        C        D         E       F
            +---------+---------+-------+---------+---------+-------
      Total |      72 |      15 |  17.2 |      27 |       2 |   6.9
            +---------+---------+-------+---------+---------+-------
        D:1 |      34 |       0 |   0.0 |      19 |       0 |   0.0
        D:2 |      38 |      15 |  28.3 |       8 |       2 |  20.0
            +---------+---------+-------+---------+---------+-------
